 Dungeon Crawl Stone Soup version 0.21.0-24-g2553a33 (webtiles) character file.

148 Mesmaeker13 the Chopper (level 5, 0/47 HPs)
             Began as a Minotaur Berserker on Jan 20, 2018.
             Was a Believer of Trog.
             Slain by tidbits's ghost (6 damage)
             ... on level 3 of the Dungeon.
             The game lasted 00:02:55 (1481 turns).

Mesmaeker13 the Chopper (Minotaur Berserker)        Turns: 1481, Time: 00:02:56

Health: 0/47       AC: 10    Str: 21    XL:     5   Next: 8%
Magic:  4/4        EV:  8    Int:  4    God:    Trog [**....]
Gold:   90         SH:  0    Dex: 11    Spells: 4/4 levels left

rFire    x . .     SeeInvis .   a - +0 hand axe
rCold    + . .     Gourm    .   (no shield)
rNeg     . . .     Faith    .   n - +0 chain mail
rPois    .         Spirit   .   (helmet restricted)
rElec    .         Reflect  .   e - +0 cloak
rCorr    .         Harm     .   (no gloves)
MR       .....                  (no boots)
Stlth    ..........             (no amulet)
HPRegen  0.15/turn              l - ring of ice
MPRegen  0.09/turn              (no ring)

@: berserk cooldown, slowed, very slow
A: retaliatory headbutt, horns 2
a: Berserk, Trog's Hand, Burn Spellbooks, Renounce Religion


You were on level 3 of the Dungeon.
You worshipped Trog.
Trog was pleased with you.
You were hungry.

You visited 1 branch of the dungeon, and saw 3 of its levels.

You collected 90 gold pieces.

Inventory:

Hand Weapons
 a - a +0 hand axe (weapon)
Missiles
 j - 3 needles of confusion
Armour
 e - a +0 cloak (worn)
 n - a +0 chain mail (worn)
Jewellery
 l - a ring of ice (left hand)
Scrolls
 f - 2 scrolls of immolation
 g - a scroll of random uselessness {unknown}
 h - a scroll of blinking {unknown}
 i - a scroll of magic mapping {unknown}
 k - 2 scrolls of fog {unknown}
 m - a scroll of enchant armour {unknown}
Potions
 b - a potion of agility {unknown}
 o - a potion of flight {unknown}
Comestibles
 c - 4 rations
 d - 3 chunks of flesh


   Skills:
 + Level 4.9 Fighting
 + Level 5.0 Axes
 + Level 4.1 Armour
 - Level 2.3 Dodging


You had 4 spell levels left.
You didn't know any spells.

Dungeon Overview and Level Annotations

Branches:
Dungeon (3/15)

Altars:
Hepliaklqana

Annotations:
D:3 tidbits's ghost, amateur GnNe


Innate Abilities, Weirdness & Mutations

You reflexively headbutt those who attack you in melee.
You have a pair of horns on your head.


Message History

Tidbits's ghost is infused with unholy energy.
Tidbits's ghost draws life force from you and is healed!
You barely miss tidbits's ghost.
Tidbits's ghost is severely damaged.
You are no longer berserk.
You are exhausted.
You feel yourself slow down. Tidbits's ghost casts a spell at you.
You barely resist.
Tidbits's ghost gestures at you while chanting.
Pain shoots through your body!
Tidbits's ghost hits you but does no damage.
You see here a glowing rapier.
Tidbits's ghost gestures at you while chanting.
Pain shoots through your body!
* * * LOW HITPOINT WARNING * * *
Tidbits's ghost says very slowly, "There's no hope."
Tidbits's ghost hits you but does no damage.
Tidbits's ghost hits you.
You die...

########## ###
#........####.#
#........##...#
#........#..#.#
#..........#@.#
#........###W##
#........# #.#
#........# #.#
#####...## #.#
##### #..#<.#
#)#
....####..##.#
#.#### .
..........# .#
#..>.#....
.....####..#..
#%.....#


You could see tidbits's ghost.

Vanquished Creatures
  An orc priest (D:2)
  Robin (D:2)
  2 adders (D:2)
  3 gnolls
  2 leopard geckos (D:2)
  3 orcs (D:2)
  A giant cockroach (D:2)
  8 goblins
  9 hobgoblins
  5 jackals (D:1)
  5 kobolds
  A quokka (D:3)
  4 bats
  3 frilled lizards
  5 rats
53 creatures vanquished.

Notes
Turn   | Place    | Note
-------+----------+-------------------------------------------
     0 | D:1      | Mesmaeker13 the Minotaur Berserker began the quest for the Orb.
     0 | D:1      | Reached XP level 1. HP: 19/19 MP: 0/0
   266 | D:1      | Reached XP level 2. HP: 27/27 MP: 1/1
   385 | D:1      | Reached skill level 4 in Axes
   709 | D:2      | Reached XP level 3. HP: 13/33 MP: 2/2
   825 | D:2      | Reached XP level 4. HP: 32/41 MP: 3/3
   995 | D:2      | Reached ** piety under Trog
   996 | D:2      | Noticed Robin
  1009 | D:2      | Killed Robin
  1386 | D:3      | Reached skill level 5 in Axes
  1386 | D:3      | Reached XP level 5. HP: 44/47 MP: 4/4
  1387 | D:3      | Found a hazy altar of Hepliaklqana.
  1454 | D:3      | Noticed tidbits's ghost (amateur GnNe)
  1481 | D:3      | Slain by tidbits's ghost

Skill      XL: |  1  2  3  4 |
---------------+-------------+-----
Axes           | 4 5 |  5.0
Fighting       | 4 |  4.9
Armour         | 3 4 |  4.1
Dodging        | |  2.3

Action                   |  1- 3 |  4- 6 || total
-------------------------+-------+-------++-------
Melee: Hand axe          |    45 |    73 ||   118
       Headbutt          |     3 |     4 ||     7
Invok: Berserk           |     2 |     1 ||     3
  Use: Scroll            |     1 |     1 ||     2
       Potion            |     1 |       ||     1
  Eat: Chunk             |     1 |     3 ||     4
Armor: Animal skin       |     9 |       ||     9
       Ring mail         |       |    19 ||    19
       Chain mail        |       |    14 ||    14
Dodge: Dodged            |    38 |    35 ||    73
